 Dungeon Crawl Stone Soup version 0.31.0-11-ge490571c62 (webtiles) character file.

Game seed: 9801900754360719461

14308 Baz the Fighter (level 12, -14/95 HPs)
             Began as a Djinni Fire Elementalist on Feb 8, 2024.
             Was a Priest of Makhleb.
             Demolished by a pharaoh ant (30 damage)
             ... on level 2 of the Lair of Beasts.
             The game lasted 00:15:40 (9347 turns).

Baz the Fighter (Djinni Fire Elementalist)          Turns: 9347, Time: 00:15:41

Health: -14/95     AC: 10    Str:  7    XL:     12   Next: 43%
Gold:   717        EV: 11    Int: 23    God:    Makhleb [***...] SH:  6 Dex: 13

rFire   + + .        I - +4 short sword (freeze)
rCold   x . .        j - +0 buckler
rNeg    . . .        C - +0 acid dragon scales
rPois   ∞            (no helmet)
rElec   .            E - +0 cloak
rCorr   +            M - +0 pair of gloves
SInv    .            (boots unavailable)
Will    +....        p - amulet of regeneration
Stlth   +            (no ring)
HPRegen 1.15/turn    (no ring)
MPRegen 0.00/turn

%: infuse magic (-15 HP)
@: about to teleport, marked, flying, very slightly contaminated
A: sickness immunity, fire resistance 2, cold vulnerability 1, float, innate
caster, HP casting, extra vitality 1
a: Renounce Religion, Minor Destruction, Lesser Servant of Makhleb


You were on level 2 of the Lair of Beasts.
You worshipped Makhleb.
Makhleb was most pleased with you.
You visited 3 branches of the dungeon, and saw 13 of its levels.

You collected 717 gold pieces.

Inventory:

Hand Weapons
 I - a +4 short sword of freezing (weapon)
Missiles
 y - 6 throwing nets
Armour
 a - a +0 robe
 j - a +0 buckler (worn)
 s - a +0 kite shield
 C - +0 acid dragon scales (worn)
 E - a +0 cloak (worn)
 M - a +0 pair of gloves (worn)
Jewellery
 i - a +6 ring of intelligence
 p - an amulet of regeneration (around neck)
 t - the amulet of Naojuim {RegenMP Rampage}
   (You took it off an orc on level 8 of the Dungeon)

   [amulet of magic regeneration]

   RegenMP:   It increases your rate of magic regeneration.
   Rampage:   It bestows one free step when moving towards enemies.
 F - a ring of wizardry
 Q - a ring of positive energy
Wands
 x - a wand of mindburst (13)
 A - a wand of acid (9)
 H - a wand of charming (14)
 K - a wand of flame (4)
 P - a wand of iceblast (7)
Scrolls
 c - 7 scrolls of teleportation
 d - 9 scrolls of identify {unknown}
 f - a scroll of revelation {unknown}
 g - 2 scrolls of brand weapon {unknown}
 k - 4 scrolls of poison {unknown}
 l - 4 scrolls of immolation {unknown}
 n - 4 scrolls of enchant weapon {unknown}
 q - 2 scrolls of blinking {unknown}
 r - a scroll of vulnerability {unknown}
 D - a scroll of fear {unknown}
 G - 2 scrolls of fog {unknown}
 L - a scroll of enchant armour {unknown}
 O - a scroll of amnesia {unknown}
Potions
 b - 2 potions of brilliance {unknown}
 e - 2 potions of berserk rage {unknown}
 h - 7 potions of curing
 m - 2 potions of mutation {unknown}
 o - 4 potions of heal wounds {unknown}
 u - 3 potions of degeneration {unknown}
 v - a potion of invisibility {unknown}
 w - 2 potions of might {unknown}
 B - 3 potions of enlightenment {unknown}
 J - 3 potions of attraction {unknown}
 N - a potion of cancellation {unknown}
 R - 2 potions of resistance {unknown}
Miscellaneous
 z - a lightning rod (4/4)


   Skills:
 * Level 11.8 Fighting
 + Level 6.2 Armour
 - Level 2.7 Dodging
 - Level 1.5 Stealth
 + Level 7.8 Shields
 * Level 9.6 Spellcasting
 * Level 9.6 Conjurations
 * Level 9.6 Hexes
   Level 0.0 Charms
 * Level 9.6 Summonings
 * Level 9.6 Necromancy
 * Level 9.6 Translocations
   Level 0.0 Transmutations
 * Level 9.6 Fire Magic
 * Level 9.6 Ice Magic
 * Level 9.6 Air Magic
 * Level 9.6 Earth Magic
 * Level 9.6 Alchemy


You knew the following spells:

 Your Spells              Type           Power      Damage    Failure   Level
a - Foxfire               Conj/Fire      100%       2x1d9     1%          1
b - Scorch                Fire           100%       2d9       1%          2
c - Volatile Blastmotes   Fire/Tloc      100%       2d18      1%          3
d - Inner Flame           Hex/Fire       53%        N/A       1%          3
e - Flame Wave            Conj/Fire      53%        2d13      2%          4
f - Magic Dart            Conj           100%       1d8       1%          1
g - Momentum Strike       Conj/Tloc      100%       3d10      1%          2
h - Ozocubu's Armour      Ice            53%        N/A       1%          3
i - Martyr's Knell        Necr/Summ      53%        N/A       2%          4
j - Animate Armour        Summ/Erth      100%       N/A       2%          4
Your spell library was empty.

Dungeon Overview and Level Annotations

Branches:
Dungeon (10/15)            Temple (1/1) D:5            Lair (2/5) D:10
  Swamp: Lair:2-3    Shoals: Lair:2-3     Snake: Lair:2-3    Spider: Lair:2-3
    Orc: D:9-12

Altars:
Ashenzari
Cheibriados
Dithmenos
Elyvilon
Fedhas
Gozag
Hepliaklqana
Makhleb
Nemelex Xobeh
Okawaru
Qazlal
Ru
Trog
Uskayaw
Wu Jian
Xom
Yredelemnul
Zin
The Shining One

Shops:
D:4 [   D:9 *

Annotations:
D:7 exclusion: statue
D:8 2 transporters, Henri's ghost, novice OpSh
Lair:2 Fannar


Innate Abilities, Weirdness & Mutations

You are immune to sickness and miasma.
You are immune to poison.
Your flesh is very heat resistant. (rF++)
You are vulnerable to cold. (rC-)
You float through the air rather than walking.
You learn spells naturally, not from books.
Your magical power is your life essence.
You have superior vitality. (+4 MHP)


Message History

As you read the scroll labelled USCHOC LUCKE, it crumbles to dust.
You feel strangely unstable.
It was a scroll of teleportation.
The redback bites your animated acid dragon scales!
The pharaoh ant bites you!!
A komodo dragon comes into view.
Your animated acid dragon scales closely misses the redback.
Your animated acid dragon scales hits the redback!
The redback bites your animated acid dragon scales!
It was a potion of curing.
You feel better. The pharaoh ant closely misses you.
The redback bites your animated acid dragon scales but does no damage.
The redback barely misses your martyred shade.
The pharaoh ant bites you!!
* * * LOW HITPOINT WARNING * * *
A polar bear comes into view.
Fannar mumbles some strange words.
Fannar blinks!
Your animated acid dragon scales hits the redback!!
The redback dies!
Makhleb accepts your kill.
Unknown command.
Casting: Scorch (safe; 1% risk of failure)
Confirm with . or Enter, or press ? or * to list all spells.
Okay, then.
Unknown command.
You feel better.
The redback closely misses your martyred shade.
The pharaoh ant bites you!
* * * LOW HITPOINT WARNING * * *
The redback bites your martyred shade!
Your animated acid dragon scales hits the redback.
Your animated acid dragon scales barely misses the redback.
Unknown command.
You feel better. You block the pharaoh ant's attack.
The scorpion barely misses your animated acid dragon scales.
The redback misses your martyred shade. You block the komodo dragon's attack.
Your animated acid dragon scales hits the redback!!
The redback dies!
Makhleb accepts your kill. The pharaoh ant bites you!!
You die...

##.......#..#.#....
#.......####.###.#.
#.......## ## #.#
#........# ##
##...l...##
#........#
#........#
#........#
#..@l....##
#..B...PP.#
##..W[.....# ##
##....†s#...#
#..##P.........##
#P...........h###.
..................
..................
..................


You could see a polar bear, 2 komodo dragons, a pharaoh ant (ally target), a
scorpion, a friendly martyred shade (summoned) and a friendly animated acid
dragon scales (summoned, sheltered).

Vanquished Creatures
  Harold (D:9)
  A manticore (D:10)
  A cane toad (Lair:1)
  An unseen horror (D:10)
  2 polar bears
  9 blink frogs (Lair:1)
  A hornet (D:10)
  Prince Ribbit (D:8)
  3 wyverns
  2 basilisks (Lair:2)
  21 yaks
  2 vampire mosquitoes (D:9)
  Grum (D:8)
  2 steam dragons
  2 acid dragons
  3 water moccasins
  4 orc warriors
  2 sky beasts
  An ice beast (D:6)
  4 black bears
  3 ogres
  3 wolves (D:8)
  6 centaurs
  A phantom (D:4)
  9 bullfrogs
  A gnoll sergeant (D:10)
  2 scorpions
  16 wights
  14 killer bees
  4 howler monkeys
  2 bombardier beetles
  2 jellies
  2 hounds (D:7)
  A gnoll bouda (D:4)
  5 orc priests
  2 iguanas
  4 orc wizards
  12 gnolls
  9 adders
  2 shadow imps
  4 ufetubi
  3 dart slugs
  36 orcs
  6 ball pythons
  3 bats (D:3)
  7 endoplasms
  4 goblins
  10 hobgoblins
  2 quokkas
  2 frilled lizards
  11 kobolds
  4 rats
256 creatures vanquished.

Vanquished Creatures (collateral kills)
  2 redbacks (Lair:2)
  4 foxfires (D:2)
6 creatures vanquished.

Vanquished Creatures (others)
  1010 foxfires
1010 creatures vanquished.

Grand Total: 1272 creatures vanquished

Notes
Turn   | Place    | Note
-------+----------+-------------------------------------------
     0 | D:1      | Baz the Djinni Fire Elementalist began the quest for the
                  | Orb.
     0 | D:1      | Baz set off with the following spells memorised: Foxfire,
                  | Scorch, Volatile Blastmotes, Inner Flame, Flame Wave.
     0 | D:1      | Reached XP level 1. HP: 15/15 MP: 0/0
   116 | D:1      | Reached XP level 2. HP: 19/22 MP: 0/0
   323 | D:1      | Reached skill level 1 in Fighting
   993 | D:2      | Found a faded altar of an unknown god.
  1016 | D:2      | Reached XP level 3. HP: 12/27 MP: 0/0
  1016 | D:2      | Learned a level 1 spell: Magic Dart
  1167 | D:2      | Found a glowing silver altar of Zin.
  1838 | D:3      | Found a bloodstained altar of Trog.
  1852 | D:3      | Reached XP level 4. HP: 30/33 MP: 0/0
  1915 | D:3      | Reached skill level 2 in Fighting
  2187 | D:3      | Noticed an ogre
  2206 | D:3      | Killed an ogre
  2207 | D:3      | Reached skill level 1 in Shields
  2207 | D:3      | Reached XP level 5. HP: 36/40 MP: 0/0
  2207 | D:3      | Learned a level 2 spell: Momentum Strike
  2480 | D:3      | Reached skill level 3 in Fighting
  2710 | D:4      | Noticed a bullfrog
  2714 | D:4      | Killed a bullfrog
  2715 | D:4      | Reached XP level 6. HP: 44/46 MP: 0/0
  2764 | D:4      | Found Kilumuc's Armour Shop.
  2829 | D:4      | Reached skill level 4 in Fighting
  2950 | D:4      | Reached XP level 7. HP: 52/52 MP: 0/0
  2950 | D:4      | Learned a level 3 spell: Ozocubu's Armour
  3439 | D:5      | Entered Level 5 of the Dungeon
  3447 | D:5      | Reached skill level 5 in Fighting
  3505 | D:5      | Reached XP level 8. HP: 59/59 MP: 0/0
  3509 | D:5      | Reached skill level 5 in Spellcasting
  3509 | D:5      | Reached skill level 5 in Conjurations
  3509 | D:5      | Reached skill level 5 in Hexes
  3509 | D:5      | Reached skill level 5 in Summonings
  3509 | D:5      | Reached skill level 5 in Necromancy
  3509 | D:5      | Reached skill level 5 in Translocations
  3509 | D:5      | Reached skill level 5 in Fire Magic
  3509 | D:5      | Reached skill level 5 in Ice Magic
  3509 | D:5      | Reached skill level 5 in Air Magic
  3509 | D:5      | Reached skill level 5 in Earth Magic
  3509 | D:5      | Reached skill level 5 in Alchemy
  4521 | D:5      | Found a staircase to the Ecumenical Temple.
  4689 | D:6      | Reached skill level 6 in Fighting
  4940 | D:6      | Reached XP level 9. HP: 67/67 MP: 0/0
  4940 | D:6      | Learned a level 4 spell: Martyr's Knell
  5057 | D:6      | Reached skill level 7 in Fighting
  5100 | D:6      | Found a snail-covered altar of Cheibriados.
  5188 | D:6      | Found a hazy altar of Hepliaklqana.
  5462 | D:7      | Identified the +6 quarterstaff "Ysesubuf" {pain, rC+}
  5496 | D:7      | Reached skill level 1 in Armour
  5574 | D:7      | Found a glowing golden altar of the Shining One.
  6022 | D:7      | Found a broken altar of Ashenzari.
  6149 | D:7      | Reached skill level 8 in Fighting
  6187 | D:7      | Reached skill level 5 in Shields
  6260 | D:7      | Found a blossoming altar of Fedhas.
  6263 | D:7      | Found a glowing silver altar of Zin.
  6514 | Temple   | Entered the Ecumenical Temple
  6525 | Temple   | Became a worshipper of Makhleb the Destroyer
  6692 | D:8      | Found a transporter.
  6705 | D:8      | Reached XP level 10. HP: 66/76 MP: 0/0
  6715 | D:8      | Found a shadowy altar of Dithmenos.
  6717 | D:8      | Noticed Henri's ghost (novice OpSh)
  6721 | D:8      | Identified the amulet of Naojuim {RegenMP Rampage}
  6807 | D:8      | Found a transporter.
  6863 | D:8      | Noticed Prince Ribbit
  6871 | D:8      | Killed Prince Ribbit
  6925 | D:8      | Noticed Grum
  6930 | D:8      | Killed Grum
  7221 | D:9      | Reached skill level 9 in Fighting
  7223 | D:9      | Reached * piety under Makhleb
  7314 | D:9      | Noticed Harold
  7322 | D:9      | Killed Harold
  7323 | D:9      | Reached skill level 10 in Fighting
  7323 | D:9      | Reached XP level 11. HP: 49/85 MP: 0/0
  7323 | D:9      | Learned a level 4 spell: Animate Armour
  7499 | D:9      | Found a stormy altar of Qazlal.
  7638 | D:9      | Found Gozag's Platinum Reserve.
  7643 | D:9      | Found an opulent altar of Gozag.
  7746 | D:10     | Entered Level 10 of the Dungeon
  7841 | D:10     | Found a staircase to the Lair.
  8028 | D:10     | Noticed a manticore
  8038 | D:10     | Killed a manticore
  8062 | D:10     | Reached ** piety under Makhleb
  8414 | D:10     | Reached skill level 5 in Armour
  8466 | Lair:1   | Entered Level 1 of the Lair of Beasts
  8629 | Lair:1   | Reached skill level 11 in Fighting
  8771 | Lair:1   | Reached XP level 12. HP: 81/94 MP: 0/0
  9334 | Lair:2   | Reached *** piety under Makhleb
  9338 | Lair:2   | Noticed a pharaoh ant
  9342 | Lair:2   | Noticed Fannar
  9347 | Lair:2   | Demolished by a pharaoh ant

Illustrated notes

Levels and vault maps discovered:
D:1:      kennysheep_arrival_forest, layout_basic
D:2:      layout_basic, basic_altar, shapermc_ecumenical_altar_gd,
          hex_intersection
D:3:      layout_loops_ring, mainiacjoe_overflow_small_starburst
D:4:      layout_gridville, serial_shops, shop, minmay_misc_feat_doors,
          minmay_quadrilaterals
D:5:      layout_layer_cave, old_standard_altar, temple_pool_b,
          water_maze_lemuel
D:6:      layout_basic, nzn_hepliaklqana_mist_gate, amcnicky_altar_gilded,
          skrybe_limestone_x
D:7:      layout_gridville, nicolae_overflow_hidden_temple, ashenzari_altar_1,
          nicolae_overflow_crystal_walls, vehumet_statue
D:8:      layout_rooms, mainiacjoe_overflow_surrounded_room,
          gammafunk_ghost_stat_death, uniq_grum, uniq_prince_ribbit1
D:9:      layout_rooms, nicolae_qazlal_scattered_showers,
          nicolae_gozag_zags_fifth_avenue, uniq_harold
D:10:     layout_basic, lair_entry_dummy, minmay_starry_boxes
Temple:   hellmonk_temple_flake
Lair:1:   layout_chaotic_city, beast_lair_carwin_6
Lair:2:   gammafunk_worm_tunnel, layout_hall_layers, palyth_hydra_swamp_entry,
          nicolae_spider_entry_lesser_pyramids, grunt_megastairs_4, uniq_fannar

Skill      XL: |  1  2  3  4  5  6  7  8  9 10 11 12 |
---------------+-------------------------------------+-----
Fighting       | 1 2 3 4 5 6 8 10 11 | 11.8
Shields        | 1 2 3 4 5 6 7 |  7.8
Spellcasting   | 4 5 6 8 9 |  9.6
Conjurations   | 4 5 6 8 9 |  9.6
Hexes          | 4 5 6 8 9 |  9.6
Summonings     | 4 5 6 8 9 |  9.6
Necromancy     | 4 5 6 8 9 |  9.6
Translocations | 4 5 6 8 9 |  9.6
Fire Magic     | 4 5 6 8 9 |  9.6
Ice Magic      | 4 5 6 8 9 |  9.6
Air Magic      | 4 5 6 8 9 |  9.6
Earth Magic    | 4 5 6 8 9 |  9.6
Alchemy        | 4 5 6 8 9 |  9.6
Armour         | 2 4 5 6 |  6.2
Dodging        | |  2.7
Stealth        | |  1.5

Action                     |  1- 3 |  4- 6 |  7- 9 | 10-12 || total
---------------------------+-------+-------+-------+-------++-------
  Melee: Unarmed           |     4 |     2 |       |       ||     6
         Short sword       |       |     5 |       |    17 ||    22
         Dagger            |       |       |    10 |       ||    10
   Cast: Foxfire           |    74 |   101 |   239 |   195 ||   609
         Scorch            |     2 |     6 |    19 |    33 ||    60
         Flame Wave        |       |       |     8 |    38 ||    46
         Ozocubu's Armour  |       |       |       |     3 ||     3
         Animate Armour    |       |       |       |     1 ||     1
         Martyr's Knell    |       |       |       |     1 ||     1
    Use: Potion            |       |       |       |     3 ||     3
         Scroll            |       |       |       |     1 ||     1
 Armour: Robe              |    10 |    11 |    25 |       ||    46
         Acid dragon scale |       |       |    15 |   143 ||   158
  Dodge: Dodged            |     8 |     7 |    30 |    87 ||   132
  Block: Buckler           |       |       |     7 |    48 ||    55
